 Dungeon Crawl Stone Soup version 0.30.0-10-gfe55d96785 (webtiles) character file.

Game seed: 14645496634335205176

1896 qeuew the Protected (level 8, -1/63 HPs)
             Began as a Minotaur Fighter on May 15, 2023.
             Slain by Joseph
             ... wielding a +0 quarterstaff
              (5 damage)
             ... on level 7 of the Dungeon.
             The game lasted 00:04:47 (5493 turns).

qeuew the Protected (Minotaur Fighter)              Turns: 5493, Time: 00:04:47

Health: -1/63      AC: 10    Str: 20    XL:     8   Next: 93%
Magic:  7/7        EV: 11    Int:  5    God:
Gold:   254        SH:  5    Dex: 13    Spells: 7/7 levels left

rFire   . . .        a - +1 war axe (freeze)
rCold   . . .        c - +0 buckler
rNeg    . . .        b - +0 scale mail
rPois   .            (helmet restricted)
rElec   .            h - +1 cloak
rCorr   .            (no gloves)
SInv    .            (no boots)
Will    .....        (no amulet) Stlth
                     o - +4 ring of slaying
HPRegen 0.30/turn    (no ring)
MPRegen 0.10/turn

%: no passive effects
@: no status effects
A: horns 2, retaliatory headbutt, talons 1, frail 1
a: no special abilities


You were on level 7 of the Dungeon.
You visited 1 branch of the dungeon, and saw 7 of its levels.

You collected 254 gold pieces.

Inventory:

Hand Weapons
 a - a +1 war axe of freezing (weapon)
Armour
 b - a +0 scale mail (worn)
 c - a +0 buckler (worn)
 h - a +1 cloak (worn)
Jewellery
 o - a +4 ring of slaying (left hand)
Wands
 i - a wand of flame (44)
Scrolls
 f - 3 scrolls of blinking
 g - a scroll of enchant weapon
 l - a scroll of enchant armour
Potions
 d - 4 potions of might
 e - 4 potions of heal wounds
 j - 2 potions of haste
 n - a potion of brilliance


   Skills:
 + Level 6.7 Fighting
 + Level 6.1 Axes
 * Level 8.9 Armour
 + Level 4.8 Dodging
 + Level 6.7 Shields


You had 7 spell levels left.
You didn't know any spells.
Your spell library was empty.

Dungeon Overview and Level Annotations

Branches:
Dungeon (7/15)
 Temple: D:4-7

Altars:
Qazlal

Annotations:
D:7 Joseph


Innate Abilities, Weirdness & Mutations

You have a pair of horns on your head.
You reflexively headbutt those who attack you in melee.
You have sharp toenails.
You are frail. (-10% HP)


Message History

You barely miss Joseph. Joseph hits you with a +0 quarterstaff!
You barely miss Joseph. Your kick misses Joseph.
Joseph hits you with a +0 quarterstaff. Joseph misses you.
You are too injured to fight recklessly!
You are too injured to fight recklessly!
You are too injured to fight recklessly!
You are too injured to fight recklessly!
You are too injured to fight recklessly!
You are too injured to fight recklessly!
You are too injured to fight recklessly!
You are too injured to fight recklessly!
You are too injured to fight recklessly!
You are too injured to fight recklessly!
You are too injured to fight recklessly!
You are too injured to fight recklessly!
You are too injured to fight recklessly!
Unknown command.
You hit Joseph. You freeze Joseph. You claw Joseph. You headbutt Joseph!
Joseph is moderately wounded.
Joseph hits you with a +0 quarterstaff.
You slash Joseph! You freeze Joseph. You claw Joseph!
Joseph is heavily wounded.
You block Joseph's attack.
You slash Joseph! You freeze Joseph. Your kick misses Joseph.
Joseph is severely wounded.
Joseph hits you with a +0 quarterstaff!
You hit Joseph. You freeze Joseph.
Joseph is severely wounded.
Joseph hits you with a +0 quarterstaff.
* * * LOW HITPOINT WARNING * * *
Unknown command.
You barely miss Joseph. Your kick misses Joseph.
Joseph is severely wounded.
Joseph hits you with a +0 quarterstaff!
* * * LOW HITPOINT WARNING * * *
Unknown command.
You hit Joseph. You freeze Joseph. You headbutt Joseph, but do no damage.
Joseph is severely wounded.
Joseph hits you with a +0 quarterstaff.
You die...

################
#..............#
#......<.......#
#..............+
##.....##..$...#
#+######......##.
#..........
#..........
#..@....##>
##..@...#
#..$...#
#.........
#.........
#.....>##.
#......# #.......


You could see Joseph.

Vanquished Creatures
  Edmund (D:4)
  A water moccasin (D:6)
  An orc warrior (D:6)
  3 black bears
  2 ice beasts
  3 ogres
  A centaur (D:6)
  A phantom (D:4)
  Blork the orc (D:4)
  2 scorpions (D:6)
  A bullfrog (D:6)
  A howler monkey (D:4)
  2 hounds
  2 jellies (D:5)
  2 sleepcaps (D:5)
  3 iguanas
  Natasha (D:4)
  4 gnolls (D:5)
  3 adders
  A shadow imp (D:6)
  A white imp (D:4)
  An ufetubus (D:3)
  3 dart slugs
  9 orcs
  3 ball pythons
  5 endoplasms
  7 giant cockroaches
  10 goblins
  5 hobgoblins
  5 kobolds
  3 quokkas
  4 bats
  2 frilled lizards (D:1)
  3 rats
97 creatures vanquished.

Notes
Turn   | Place    | Note
-------+----------+-------------------------------------------
     0 | D:1      | qeuew the Minotaur Fighter began the quest for the Orb.
     0 | D:1      | Reached XP level 1. HP: 19/19 MP: 0/0
   163 | D:1      | Reached XP level 2. HP: 24/27 MP: 1/1
   291 | D:1      | Reached skill level 4 in Armour
   492 | D:1      | Reached skill level 1 in Dodging
   537 | D:1      | Reached XP level 3. HP: 31/33 MP: 2/2
   789 | D:2      | Found a faded altar of an unknown god.
  2377 | D:4      | Reached XP level 4. HP: 36/40 MP: 3/3
  2424 | D:4      | Noticed an ogre
  2429 | D:4      | Killed an ogre
  2430 | D:4      | Reached skill level 5 in Armour
  2430 | D:4      | Reached XP level 5. HP: 47/47 MP: 4/4
  2456 | D:4      | Noticed a phantom
  2465 | D:4      | Killed a phantom
  2583 | D:4      | Noticed Natasha
  2585 | D:4      | Killed Natasha
  2588 | D:4      | Reached XP level 6. HP: 49/53 MP: 5/5
  2749 | D:4      | Noticed Edmund
  2760 | D:4      | Killed Edmund
  2761 | D:4      | Reached skill level 5 in Fighting
  2761 | D:4      | Reached skill level 6 in Armour
  2761 | D:4      | Reached skill level 5 in Shields
  2792 | D:4      | Reached XP level 7. HP: 14/61 MP: 6/6
  3099 | D:4      | Noticed Blork the orc
  3106 | D:4      | Killed Blork the orc
  3337 | D:4      | Reached skill level 7 in Armour
  3382 | D:5      | Entered Level 5 of the Dungeon
  3537 | D:5      | Reached skill level 5 in Axes
  3587 | D:5      | Reached XP level 8. HP: 70/70 MP: 7/7
  3683 | D:5      | Identified the +0 ring mail of Resourcefulness {rF++ Str-3
                  | Dex+2 SInv}
  3701 | D:5      | Found a stormy altar of Qazlal.
  4272 | D:6      | Reached skill level 8 in Armour
  5435 | D:6      | Gained mutation: You are frail. (-10% HP) [potion of
                  | mutation]
  5435 | D:6      | Gained mutation: You have sharp toenails. [potion of
                  | mutation]
  5479 | D:7      | Noticed Joseph
  5493 | D:7      | Slain by Joseph

Illustrated notes

Levels and vault maps discovered:
D:1:      evilmike_arrival_crescent, layout_basic
D:2:      layout_loops_ring, shapermc_ecumenical_altar_flowoftime
D:3:      layout_loops_corners, corexii_shack, chequers_serial_rivers_marsh
D:4:      layout_gridville, minivault_11, columned_hall_lemuel,
          kennysheep_generic_room_6, uniq_natasha, uniq_blork_the_orc,
          uniq_edmund
D:5:      layout_rooms, mainiacjoe_overflow_alcove_4, grunt_ministairs_4
D:6:      layout_layer_cave, grunt_decor_fettered
D:7:      layout_gridville, temple_hall_moat, enter_bailey_6, uniq_joseph

Skill      XL: |  1  2  3  4  5  6  7  8 |
---------------+-------------------------+-----
Armour         | 4 5 6 7 8 |  8.9
Dodging        | 1 2 3 4 |  4.8
Shields        | 4 5 6 |  6.7
Fighting       | 4 5 6 |  6.7
Axes           | 3 4 5 6 |  6.1

Action                     |  1- 3 |  4- 6 |  7- 9 || total
---------------------------+-------+-------+-------++-------
  Melee: War axe           |   104 |    39 |   123 ||   266
         Headbutt          |    11 |     7 |    24 ||    42
         Kick              |       |       |     2 ||     2
    Use: Scroll            |     9 |       |     6 ||    15
         Potion            |     1 |       |     3 ||     4
 Armour: Scale mail        |    48 |    15 |    43 ||   106
  Dodge: Dodged            |    45 |    18 |    79 ||   142
  Block: Buckler           |    29 |     8 |    32 ||    69
